 Dungeon Crawl Stone Soup version 0.24-a0-434-gd57e52fea8 (webtiles) character file.

Game seed: 14351885849776645119

2972 vurker the Cleaver (level 9, -5/83 HPs)
             Began as a Minotaur Gladiator on June 15, 2019.
             Was an Initiate of Makhleb.
             Slain by an orc warrior
             ... wielding a +0 trident
              (9 damage)
             ... on level 6 of the Dungeon.
             The game lasted 00:10:42 (5921 turns).

vurker the Cleaver (Minotaur Gladiator)             Turns: 5921, Time: 00:10:43

Health: -5/83      AC: 12    Str: 22    XL:     9   Next: 53%
Magic:  8/8        EV:  4    Int:  5    God:    Makhleb [......]
Gold:   118        SH: 10    Dex: 12    Spells: 8/8 levels left

rFire    . . .     SeeInvis +   a - +1 war axe
rCold    + . .     Gourm    +   l - +2 shield {rC+}
rNeg     . . .     Faith    .   t - +0 plate armour
rPois    .         Spirit   .   q - +1 hat
rElec    .         Reflect  .   b - +0 cloak
rCorr    .         Harm     .   (no gloves)
MR       .....                  (no boots)
Stlth    ..........             o - amulet of the gourmand
HPRegen  0.23/turn              z - ring of see invisible
MPRegen  0.11/turn              (no ring)

@: lightly drained
A: retaliatory headbutt, horns 2
a: Renounce Religion


You were on level 6 of the Dungeon.
You worshipped Makhleb.
Makhleb was noncommittal.
You were very full.

You visited 1 branch of the dungeon, and saw 7 of its levels.

You collected 298 gold pieces.
You spent 180 gold pieces at shops.

Inventory:

Hand Weapons
 a - a +1 war axe (weapon)
 w - the +9 whip of Bile {slash, MR++, unknown}
   (You found it on level 6 of the Dungeon)

   It inflicts extra damage upon your enemies.
   It affects your resistance to hostile enchantments.
Missiles
 d - a throwing net (quivered) {!f}
Armour
 b - a +0 cloak (worn)
   (You found it on level 3 of the Dungeon)
 l - a +2 shield of cold resistance (worn)
   (You bought it in a shop on level 6 of the Dungeon)
 q - a +1 hat (worn)
   (You found it on level 5 of the Dungeon)
 t - a +0 plate armour (worn)
   (You took it off an orc warrior on level 5 of the Dungeon)
Jewellery
 o - an amulet of the gourmand (around neck)
   (You found it on level 3 of the Dungeon)
 z - a ring of see invisible (left hand)
   (You took it off an orc wizard on level 4 of the Dungeon)
Scrolls
 c - a scroll of remove curse {unknown}
 f - 4 scrolls of teleportation {@r4}
 g - a scroll of fog
 r - 4 scrolls of identify {@r1}
 v - a scroll of enchant armour {unknown}
Potions
 h - 3 potions of curing {@q1}
 i - 2 potions of magic {unknown}
 j - a potion of degeneration {unknown}
 k - 2 potions of heal wounds {unknown}
 n - a potion of resistance {unknown}
 p - a potion of brilliance {unknown}
 s - a potion of lignification {unknown}
 u - a potion of flight {unknown}
Comestibles
 e - 8 rations {!d}


   Skills:
 + Level 9.3 Fighting
 * Level 12.9(12.8) Axes
 - Level 2.0(1.9) Throwing
 - Level 3.2 Dodging
 + Level 1.2 Shields
 + Level 1.1 Invocations


You had 8 spell levels left.
You didn't know any spells.
Your spell library was empty.

Dungeon Overview and Level Annotations

Branches:
Dungeon (7/15)
 Temple: D:4-7

Altars:
Ashenzari
Fedhas
Gozag
Makhleb
Nemelex Xobeh
Uskayaw
Vehumet

Shops:
D:6 *

Annotations:
D:5 3 runed translucent doors, Avack's ghost, novice TeAE


Innate Abilities, Weirdness & Mutations

You reflexively headbutt those who attack you in melee.
You have a pair of horns on your head.


Message History

The howler monkey hoots and howls with incredible vigour!
There is a stone staircase leading up, spattered with blood here.
Things that are here:
2 poisoned darts; a stone The orc wizard gestures wildly while chanting.
The orc wizard blinks!
The howler monkey hits you.
The howler monkey hits you but does no damage.
The orc warrior hits you with a +0 trident.
There is a stone staircase leading up, spattered with blood here.
Things that are here:
2 poisoned darts; a stone The howler monkey hoots and howls with incredible vigour!
The orc wizard hits you with a +3 dagger.
The bullfrog hits you but does no damage.
The howler monkey hits you. You block the orc warrior's attack.
You climb upwards.
There is a stone staircase leading down here.
You slash the howler monkey! You slash the orc wizard! You hit the orc warrior.
The orc wizard hits you but does no damage.
You block the howler monkey's attack.
Your shield and plate armour prevent you from hitting the howler monkey.
You hit the orc wizard.
You kill the orc wizard!
Makhleb accepts your kill.
You hit the orc warrior but do no damage.
The orc warrior hits you but does no damage.
The howler monkey hits you but does no damage.
You slice the howler monkey!!
You kill the howler monkey!
Makhleb accepts your kill.
You hit the orc warrior.
The orc warrior hits you with a +0 trident.
You closely miss the orc warrior.
The orc warrior hits you with a +0 trident!
You hit the orc warrior but do no damage.
You headbutt the orc warrior, but do no damage.
The orc warrior hits you with a +0 trident.
* * * LOW HITPOINT WARNING * * *
You closely miss the orc warrior. Your headbutt misses the orc warrior.
The orc warrior hits you with a +0 trident!
* * * LOW HITPOINT WARNING * * *
You hit the orc warrior.
The orc warrior hits you with a +0 trident!
* * * LOW HITPOINT WARNING * * *
You hit the orc warrior but do no damage.
Your headbutt misses the orc warrior.
The orc warrior hits you with a +0 trident!
* * * LOW HITPOINT WARNING * * *
The orc warrior hits you from afar with a +0 trident!
You die...

#....."...######.....##...#...
##........######..........##...
###........................###..#
#..........................# #..#
...........................###..#
............................##...
.......................###..##...
.......................#_#..###.#
................@.....##.##.#####
................>....##...##...##
................)o...#..#..#.....
...............))....#.###.#.....
...............[.....#.###.##....
..............<.....##.#_...##.[.
#...................'..#...._##..
##............###...##.#_...####.
##..<........# #....#.###.## #.


You could see an orc warrior.

Vanquished Creatures
  A centaur skeleton (D:6)
  Sigmund (D:5)
  An orc warrior (D:5)
  A sky beast (D:6)
  2 phantoms
  3 ice beasts (D:5)
  3 ogres
  A centaur (D:6)
  A big kobold (D:7)
  A bullfrog (D:6)
  3 scorpions
  7 wights (D:6)
  2 howler monkeys (D:6)
  3 crimson imps
  A centaur zombie (D:5)
  An orc priest (D:5)
  4 hounds (D:6)
  2 jellies
  9 orc wizards
  3 worker ants
  2 hound zombies
  A worker ant zombie (D:6)
  8 adders
  4 oozes
  2 worms (D:4)
  2 dart slugs
  6 leopard geckos
  28 orcs
  3 ball pythons
  7 giant cockroaches
  10 hobgoblins
  11 jackals
  A quokka (D:3)
  7 bats
  4 frilled lizards
  6 goblins
  8 kobolds
  4 rats
164 creatures vanquished.

Notes
Turn   | Place    | Note
-------+----------+-------------------------------------------
     0 | D:1      | vurker the Minotaur Gladiator began the quest for the Orb.
     0 | D:1      | Reached XP level 1. HP: 18/18 MP: 0/0
     6 | D:1      | Reached skill level 4 in Axes
    39 | D:1      | Reached XP level 2. HP: 25/25 MP: 1/1
   325 | D:1      | Reached XP level 3. HP: 29/31 MP: 2/2
   819 | D:2      | Reached skill level 5 in Axes
   845 | D:2      | Found an opulent altar of Gozag.
  1135 | D:3      | Reached XP level 4. HP: 40/40 MP: 3/3
  1355 | D:3      | Noticed an ogre
  1365 | D:3      | Killed an ogre
  1365 | D:3      | Reached skill level 6 in Axes
  1365 | D:3      | Reached XP level 5. HP: 43/47 MP: 4/4
  2173 | D:4      | Reached skill level 7 in Axes
  2173 | D:4      | Reached XP level 6. HP: 50/55 MP: 5/5
  2174 | D:4      | Reached skill level 5 in Fighting
  2292 | D:4      | Found a sparkling altar of Nemelex Xobeh.
  2296 | D:4      | You fall into a shaft and drop 1 floor!
  2296 | D:5      | Entered Level 5 of the Dungeon
  2302 | D:5      | Reached skill level 8 in Axes
  2374 | D:5      | Noticed an ice beast
  2380 | D:5      | Killed an ice beast
  2380 | D:5      | Reached XP level 7. HP: 50/62 MP: 6/6
  2692 | D:4      | Reached skill level 9 in Axes
  2779 | D:4      | Got a crude dagger
  3079 | D:5      | Reached XP level 8. HP: 31/71 MP: 7/7
  3291 | D:5      | Noticed Sigmund
  3301 | D:5      | Killed Sigmund
  3301 | D:5      | Reached skill level 10 in Axes
  3431 | D:5      | Noticed Avack's ghost (novice TeAE)
  3522 | D:5      | Found a runed translucent gate.
  3523 | D:5      | Found a runed translucent gate.
  3524 | D:5      | Found a runed translucent gate.
  3868 | D:6      | Reached skill level 11 in Axes
  4225 | D:6      | Reached XP level 9. HP: 56/82 MP: 8/8
  4428 | D:6      | Reached skill level 12 in Axes
  4804 | D:6      | Found a radiant altar of Vehumet.
  4804 | D:6      | Found a shattered altar of Ashenzari.
  4809 | D:6      | Found a blossoming altar of Fedhas.
  4811 | D:6      | Found a hide-covered altar of Uskayaw.
  4812 | D:6      | Found a burning altar of Makhleb.
  4820 | D:6      | Became a worshipper of Makhleb the Destroyer
  4911 | D:6      | Found Bitzit's Assorted Antiques.
  4917 | D:6      | Bought a glowing shield for 180 gold pieces
  5082 | D:6      | Got a brightly glowing whip
  5614 | D:7      | Reached skill level 1 in Shields
  5631 | D:7      | Reached skill level 1 in Invocations
  5920 | D:6      | HP: 4/83 [orc warrior/+0 trident (11)]
  5921 | D:6      | Slain by an orc warrior

Levels and vault maps discovered:
D:1:      minmay_arrival_shattered_statue, layout_basic, minmay_unequal
D:2:      layout_basic, lemuel_crystal_altar, minivault_26
D:3:      layout_loops_corners, first_ration
D:4:      layout_cave_pools, nemelex_xobeh_ov_fountains_minmay, corexii_shack
D:5:      layout_loops_ring, gammafunk_ghost_icy, uniq_sigmund
D:6:      layout_layer_cave, chequers_temple_overflow_minitemple, serial_shops,
          nicolae_shop_overgrown_old_shop
D:7:      layout_basic, minmay_temple_entry_antechambers

Skill      XL: |  1  2  3  4  5  6  7  8  9 |
---------------+----------------------------+-----
Axes           | 4 5 6 7 8 9 11 12 | 12.9
Fighting       | 3 4 5 6 8 9 |  9.3
Shields        | 1 |  1.2
Invocations    | 1 |  1.1
Throwing       | |  2.0
Dodging        | |  3.2

Action                   |  1- 3 |  4- 6 |  7- 9 || total
-------------------------+-------+-------+-------++-------
Melee: War axe           |    56 |    95 |   233 ||   384
       Headbutt          |     7 |    13 |    58 ||    78
Throw: Throwing net      |       |     2 |     6 ||     8
  Use: Scroll            |       |     3 |     6 ||     9
       Potion            |       |       |     1 ||     1
 Stab: Held in net/web   |       |     1 |       ||     1
  Eat: Chunk             |     1 |    20 |    11 ||    32
Armor: Leather armour    |     5 |       |       ||     5
       Scale mail        |    13 |    23 |    64 ||   100
       Plate armour      |       |       |    29 ||    29
Dodge: Dodged            |    39 |    64 |    97 ||   200
Block: Shield            |       |       |    16 ||    16

Table legend:
 A = Non-vault XP
 B = Vault XP
 C = Vault XP percentage of total XP
 D = Non-vault monster count
 E = Vault monster count
 F = Vault count percentage of total count
                 A         B        C        D         E       F
            +---------+---------+-------+---------+---------+-------
      Total |    4011 |     236 |   5.6 |     160 |       4 |   2.4
            +---------+---------+-------+---------+---------+-------
        D:1 |      40 |       3 |   7.0 |      18 |       2 |  10.0
        D:2 |      34 |       0 |   0.0 |      13 |       0 |   0.0
        D:3 |     249 |       0 |   0.0 |      36 |       0 |   0.0
        D:4 |     454 |       2 |   0.4 |      21 |       1 |   4.5
        D:5 |    1011 |     231 |  18.6 |      26 |       1 |   3.7
        D:6 |    1967 |       0 |   0.0 |      35 |       0 |   0.0
        D:7 |     256 |       0 |   0.0 |      11 |       0 |   0.0
            +---------+---------+-------+---------+---------+-------
